 Dungeon Crawl Stone Soup version 0.17-a0-1554-g3b847ca (webtiles) character file.

11541 HEYYEYAAE the Fighter (level 11, -2/101 HPs)
             Began as a Mottled Draconian Berserker on July 19, 2015.
             Was a High Priest of Trog.
             Slain by an entropy weaver (3 damage)
             ... on level 12 of the Dungeon.
             The game lasted 00:21:12 (10235 turns).

HEYYEYAAE the Fighter (DrBe)                       Turns: 10235, Time: 00:21:13

Health: -2/101     AC: -8    Str: 22    XL:     11   Next: 50%
Magic:  15/15      EV: 19    Int:  7    God:    Trog [*****.]
Gold:   788        SH:  0    Dex: 12    Spells: 0 memorised, 10 levels left

rFire  . . .     SeeInvis .     Y - +7 great sword (slice)
rCold  . . .     Clarity  .     (armour unavailable)
rNeg   . . .     SustAt   .     (no shield)
rPois  +         Gourm    .     (helmet restricted)
rElec  .         Spirit   .     T - +0 cloak
rCorr  .         Warding  .     (no gloves)
rMut   .         Stasis   .     (no boots)
MR     .....                    L - amulet of faith
Stlth  ++........               O - ring of poison resistance
                                Q - +3 ring of evasion

@: corroded equipment, not resistant to hostile enchantments, unstealthy
A: breathe sticky flame splash, unfitting armour, horns 2, evolution 1,
cold-blooded, AC +7
a: Breathe Sticky Flame, Burn Spellbooks, Berserk, Trog's Hand, Brothers in
Arms, Renounce Religion


You were on level 12 of the Dungeon.
You worshipped Trog.
Trog was extremely pleased with you.
You were very hungry.

You visited 1 branch of the dungeon, and saw 12 of its levels.
You also visited: Sewer.

You collected 788 gold pieces.

Inventory:

Hand weapons
 Y - a +7 great sword of slicing (weapon)
Missiles
 H - 3 javelins of penetration (quivered)
 V - 5 silver javelins
Armour
 T - a +0 cloak (worn)
Jewellery
 g - an uncursed ring of see invisible
 i - an uncursed ring of protection from magic
 l - an uncursed ring of protection from cold
 J - an uncursed ring of protection from magic
 L - an amulet of faith (around neck)
 M - an uncursed amulet of rage {unknown}
 O - a ring of poison resistance (right hand)
 Q - a +3 ring of evasion (left hand)
Magical devices
 h - a wand of disintegration (18)
 p - a wand of cold (5)
 E - a wand of confusion (2)
 G - a wand of fire (5)
 S - a wand of polymorph (10)
 U - a wand of slowing (7)
Scrolls
 d - 3 scrolls of fog
 e - 3 scrolls of teleportation
 f - 2 scrolls of magic mapping
 r - a scroll of holy word {unknown}
 s - 2 scrolls of noise {unknown}
 v - 6 scrolls of remove curse
 x - 2 scrolls of enchant armour
 y - 2 scrolls of fear
 B - 5 scrolls of recharging
 D - a scroll of blinking {unknown}
 F - a scroll of immolation {unknown}
 K - 2 scrolls of enchant weapon {unknown}
 R - 2 scrolls of amnesia {unknown}
 W - a scroll of random uselessness {unknown}
Potions
 c - a potion of flight
 k - a potion of lignification {unknown}
 n - 6 potions of curing
 o - a potion of invisibility
 q - a potion of resistance
 t - 3 potions of magic
 u - 3 potions of agility
 w - 10 potions of heal wounds
 A - 2 potions of brilliance {unknown}
 C - 2 potions of might {unknown}
 N - a potion of berserk rage {unknown}
 P - a potion of mutation {unknown}
 X - 2 potions of haste
Comestibles
 a - 2 fruits
 b - 11 bread rations
 m - a royal jelly
 I - 2 beef jerkies


   Skills:
 * Level 10.7 Fighting
 * Level 9.6 Long Blades
 + Level 4.5 Throwing
 * Level 8.5 Dodging
 + Level 5.0 Stealth
 * Level 6.4 Evocations


You had 10 spell levels left.
You didn't know any spells.

Dungeon Overview and Level Annotations

Branches:
Dungeon (12/15)            Temple (0/1) D:7            Lair (0/8) D:8
    Orc (0/4) D:9

Altars:
Dithmenos
Fedhas
Qazlal
Sif Muna
Vehumet
Zin


Innate Abilities, Weirdness & Mutations

You can spit globs of burning liquid.
You can ignite nearby creatures when you spit burning liquid.
Your weird mottled scales are hard (AC +7).
Your body does not fit into most forms of armour.
You are cold-blooded and may be slowed by cold attacks.
You have a pair of horns on your head.
You evolve.


Message History

You slice the entropy weaver!!
The entropy weaver is moderately wounded.
Unknown command.
You closely miss the entropy weaver.
The entropy weaver is moderately wounded.
Unknown command.
You hit the entropy weaver.
You headbutt the entropy weaver, but do no damage.
The entropy weaver is heavily wounded.
The entropy weaver screams the final syllables of the word of entropy!
The word of entropy corrodes you!
Unknown command.
You closely miss the entropy weaver.
The entropy weaver is heavily wounded.
The entropy weaver hits you!
* * * LOW HITPOINT WARNING * * *
The entropy weaver hits you!
* * * LOW HITPOINT WARNING * * *
The entropy weaver hits you.
You die...

......#y
#####.........
#######yy
#.....######## #
#.#######..# #.# #
#..#..††)..# #.# #
#.....###.##########.#
# #........#
#.##.......#.# #
####....##
#.##.#####.#.# # .#
##.#.# #p##.# #.#.#
###.#####.#.# #@##.#
#.#.#
............####.##.#
##.#.####
###.##..............#
#.......#
...........######.###
#.......# %<.....##..#
#.# #.......##
....#####..# #.#
#.........
..#######..## #.#
#.........
............# #.#
#.....#...
..##..###...### #.#
#....###.#


You could see an entropy weaver.

Vanquished Creatures
  An unseen horror (D:12)
  Pikel (D:8)
  A hill giant (D:12)
  2 ugly things
  A manticore (D:11)
  Maurice (D:8)
  A komodo dragon (D:12)
  Grinder (D:3)
  2 trolls
  A spriggan (D:7)
  9 yaks
  3 hippogriffs
  Edmund (D:4)
  A hungry ghost (D:5)
  3 orc warriors
  4 ice beasts
  A water moccasin (D:11)
  3 sky beasts
  A black bear (D:7)
  A slave (D:8)
  A phantom (D:9)
  3 big kobolds
  2 centaurs
  3 ogres
  9 giant frogs
  A gnoll sergeant (D:10)
  20 killer bees
  5 scorpions
  4 wights (D:6)
  A crimson imp (D:7)
  A giant frog zombie (D:6)
  2 hounds
  3 quasits
  2 centaur zombies
  6 orc wizards
  5 orc priests
  4 jellies
  4 giant frog skeletons
  5 iguanas
  4 worker ants
  A hound zombie (D:10)
  A hound skeleton (D:10)
  A worker ant zombie (D:3)
  25 adders
  7 gnolls
  5 river rats (Sewer)
  A shadow imp (D:7)
  2 oozes
  An adder skeleton (D:3)
  2 worms (D:4)
  38 orcs
  A bat skeleton (D:4)
  7 giant cockroaches
  9 hobgoblins
  6 jackals
  5 quokkas
  16 ball pythons
  16 bats
  A giant cockroach zombie (D:3)
  9 giant geckos
  2 giant gecko skeletons
  11 giant newts
  15 goblins
  A jackal zombie (D:6)
  22 kobolds
  A quokka skeleton (D:5)
  3 quokka zombies
  40 rats
  A bush (D:6)
374 creatures vanquished.

Vanquished Creatures (others)
  A slave (D:8)
  A shadow imp (D:9)
  A bat (D:9)
  A kobold (D:8)
4 creatures vanquished.

Grand Total: 378 creatures vanquished

Notes
Turn   | Place    | Note
--------------------------------------------------------------
     0 | D:1      | HEYYEYAAE the Draconian Berserker began the quest for the Orb.
     0 | D:1      | Reached XP level 1. HP: 19/19 MP: 1/1
   931 | D:2      | Found a faded altar to an unknown god.
   936 | D:2      | Reached XP level 2. HP: 23/26 MP: 2/2
  1265 | D:2      | Reached skill level 4 in Fighting
  1278 | D:2      | Reached XP level 3. HP: 17/33 MP: 3/3
  1523 | D:2      | Acquired Trog's second power
  1680 | D:3      | Reached XP level 4. HP: 25/40 MP: 4/4
  1763 | D:3      | Found a deep blue altar of Sif Muna.
  1909 | D:3      | Noticed Grinder
  1921 | D:3      | Killed Grinder
  1921 | D:3      | Reached skill level 5 in Fighting
  1921 | D:3      | Reached skill level 5 in Long Blades
  1921 | D:3      | Reached XP level 5. HP: 34/48 MP: 5/5
  1921 | D:3      | Reached XP level 6. HP: 39/56 MP: 6/6
  2184 | D:4      | Found a glowing drain.
  2194 | Sewer    | Entered a sewer
  2527 | Sewer    | Acquired Trog's third power
  2698 | Sewer    | Reached skill level 6 in Fighting
  2765 | D:4      | Found a stormy altar of Qazlal.
  2782 | D:4      | Noticed Edmund
  2809 | D:4      | Killed Edmund
  2809 | D:4      | Your scales start taking on a weird mottled colour.
  2809 | D:4      | Reached XP level 7. HP: 51/63 MP: 7/7
  3613 | D:5      | Entered Level 5 of the Dungeon
  4023 | D:5      | Reached skill level 7 in Fighting
  4023 | D:5      | Reached skill level 1 in Stealth
  4023 | D:5      | Reached XP level 8. HP: 28/73 MP: 8/8
  4251 | D:5      | Reached skill level 1 in Throwing
  4352 | D:5      | Found a deep blue altar of Sif Muna.
  5088 | D:6      | Found a shadowy altar of Dithmenos.
  5131 | D:6      | Reached skill level 5 in Dodging
  5163 | D:6      | Found a blossoming altar of Fedhas.
  5904 | D:7      | Reached XP level 9. HP: 58/81 MP: 9/9
  5906 | D:7      | Reached skill level 8 in Fighting
  5911 | D:7      | Reached skill level 1 in Evocations
  6089 | D:7      | Found a radiant altar of Vehumet.
  6098 | D:7      | Gained mutation: Your body sometimes deteriorates upon taking damage. [mutagenic meat]
  6099 | D:7      | Gained mutation: You are weak. (Str -2) [mutagenic meat]
  6100 | D:7      | Gained mutation: Your mind is acute. (Int +2) [mutagenic meat]
  6101 | D:7      | Gained mutation: You have a pair of small horns on your head. [mutagenic meat]
  6102 | D:7      | Gained mutation: You evolve. [mutagenic meat]
  6191 | D:7      | Found a staircase to the Ecumenical Temple.
  6261 | D:7      | Found a glowing silver altar of Zin.
  6432 | D:8      | Lost mutation: Your mind is acute. (Int +2) [mutagenic meat]
  6433 | D:8      | Lost mutation: Your body sometimes deteriorates upon taking damage. [mutagenic meat]
  6434 | D:8      | Lost mutation: You are weak. (Str -2) [mutagenic meat]
  6480 | D:8      | Noticed Maurice
  6499 | D:8      | Killed Maurice
  6526 | D:8      | Received a gift from Trog
  6562 | D:8      | Reached skill level 9 in Fighting
  6591 | D:8      | Found a staircase to the Lair.
  6843 | D:8      | Received a gift from Trog
  6845 | D:8      | Noticed Pikel
  6849 | D:8      | Reached XP level 10. HP: 91/91 MP: 12/12
  6867 | D:8      | Killed Pikel
  7047 | D:8      | Received a gift from Trog
  7642 | D:9      | Found a staircase to the Orcish Mines.
  7950 | D:10     | Entered Level 10 of the Dungeon
  8085 | D:10     | Gained mutation: You have a pair of horns on your head. [evolution]
  8191 | D:10     | Reached skill level 5 in Evocations
  8398 | D:10     | Received a gift from Trog
  8654 | D:10     | Reached skill level 10 in Fighting
  8929 | D:11     | Noticed a red ugly thing
  8938 | D:11     | Killed a red ugly thing
  9153 | D:11     | Reached XP level 11. HP: 64/99 MP: 15/15
  9187 | D:11     | Noticed a manticore
  9194 | D:11     | Killed a manticore
  9878 | D:12     | Killed an unseen horror
  9932 | D:12     | Noticed a hill giant
  9960 | D:12     | Killed a hill giant
 10113 | D:12     | Reached skill level 5 in Stealth
 10175 | D:12     | Received a gift from Trog
 10220 | D:12     | Noticed a four-headed hydra
 10229 | D:12     | Noticed an entropy weaver
 10229 | D:12     | a four-headed hydra changed into an entropy weaver
 10235 | D:12     | HP: 1/101 [entropy weaver (16)]
 10235 | D:12     | Slain by an entropy weaver

Vault maps used:
D:1:      dpeg_arrival_simpleton_c, grunt_decor_one_mirror
D:2:      ecumenical_altar_1
D:3:      lemuel_coloured_pillars_altar, serial_undead, serial_undead_d,
          serial_undead_c, serial_undead_c, serial_undead_d, uniq_grinder
D:4:      lemuel_doored_altar, portal_sewer_entry_b, enter_ossuary_4,
          first_bread, uniq_edmund
D:5:      led_sif_pool
D:6:      nicolae_dithmenos_the_darkroom, hex_intersection,
          fedhas_bush_and_centaur_altar
D:7:      zin_statuary, vehumet_altar_wand_db,
          minmay_temple_entry_statues_fountains, the_bakery
D:8:      dpeg_lair_monsters, uniq_maurice, uniq_pikel
D:9:      david_orc_2
D:10:     minmay_variable_closet
D:11:     lemuel_flamethrower_1
D:12:     special_room, minmay_misc_feat_secret_circle,
          nrook_guardian_serpent_double
Sewer:    sewer_minmay_w

Action                   |  1- 3 |  4- 6 |  7- 9 | 10-12 || total
-------------------------+-------+-------+-------+-------++-------
Melee: Falchion          |    36 |       |       |       ||    36
       Long sword        |    71 |   276 |   492 |    46 ||   885
       Great sword       |       |       |       |   253 ||   253
Invok: Berserk           |       |     5 |     4 |       ||     9
       Trog's Hand       |       |     3 |     5 |     3 ||    11
       Burn Spellbooks   |       |       |       |     1 ||     1
 Abil: Breathe Sticky Fl |       |       |     3 |     5 ||     8
Evoke: Wand              |       |       |     8 |    14 ||    22
  Use: Scroll            |       |     3 |     1 |     8 ||    12
       Potion            |       |       |     9 |       ||     9
 Stab: Distracted        |       |     1 |       |       ||     1
       Invisible         |       |       |     6 |       ||     6
       Confused          |       |       |     3 |     4 ||     7
       Sleeping          |       |       |     4 |     5 ||     9
  Eat: Chunk             |     2 |     4 |    28 |    13 ||    47
       Meat ration       |       |     1 |       |       ||     1
       Royal jelly       |       |       |     1 |       ||     1
